 Dungeon Crawl Stone Soup version 0.20-a0-1000-g0e8f6bb (webtiles) character file.

9 Ordine the Magician (level 2, 0/17 HPs)
             Began as an Octopode Wizard on Apr 12, 2017.
             Slain by a goblin
             ... wielding a +0 club
              (6 damage)
             ... on level 1 of the Dungeon.
             The game lasted 00:00:52 (173 turns).

Ordine the Magician (Octopode Wizard)                Turns: 173, Time: 00:00:53

Health: 0/17       AC:  1    Str:  6    XL:     2   Next: 16%
Magic:  0/6        EV: 13    Int: 20    God:
Gold:   6          SH:  0    Dex: 10    Spells: 4/7 levels left

rFire    . . .     SeeInvis .   (no weapon)
rCold    . . .     Gourm    .   (no shield)
rNeg     . . .     Faith    .   a - +0 hat
rPois    .         Spirit   .   (no amulet)
rElec    .         Reflect  .   (no ring)
rCorr    .         Harm     .   (no ring)
MR       .....                  (no ring)
Stlth    +++.......             (no ring)
Regen    0.1/turn               (no ring)
MPRegen  0.1/turn               (no ring)
                                (no ring)
                                (no ring)

@: very slightly contaminated
A: almost no armour, stealthy swim, amphibious, 8 rings, constrict 8, camouflage
1, gelatinous body 1
a: no special abilities


You were on level 1 of the Dungeon.
You were not hungry.

You visited 1 branch of the dungeon, and saw 1 of its levels.

You collected 6 gold pieces.

Inventory:

Armour
 a - a +0 hat (worn)
Potions
 d - a potion of heal wounds {unknown}
Books
 b - a book of Minor Magic

   Spells                             Type                      Level
   a - Magic Dart                     Conjuration                  1
   b - Blink                          Translocation                2
   c - Call Imp                       Summoning                    2
   d - Slow                           Hexes                        2
   e - Conjure Flame                  Conjuration/Fire             3
   f - Mephitic Cloud                 Conjuration/Poison/Air       3
Comestibles
 c - a bread ration
 f - a chunk of flesh


   Skills:
 - Level 2.0 Dodging
 + Level 2.9 Stealth
 * Level 3.3 Spellcasting
 + Level 1.1 Conjurations
   Level 1.0 Summonings
 + Level 1.1 Translocations


You had 4 spell levels left.
You knew the following spells:

 Your Spells              Type           Power        Failure   Level  Hunger
a - Magic Dart            Conj           #...         12%         1    None
b - Blink                 Tloc           N/A          17%         2    ##.....


Dungeon Overview and Level Annotations

Branches:
Dungeon (1/15)

Altars:


Innate Abilities, Weirdness & Mutations

You cannot wear most types of armour.
You are very stealthy in the water. (Stealth+)
You are amphibious.
You can wear up to eight rings at the same time.
You can use your tentacles to constrict eight enemies at once.
Your skin changes colour to match your surroundings (Stealth+).
Your rubbery body absorbs attacks. (AC +1, EV +1)


Message History

Confirm with . or Enter, or press ? or * to list all spells.
You don't have enough magic to cast that spell.
Unknown command.
You tentacle-slap the dart slug but do no damage.
You grab the dart slug. You squeeze the dart slug.
The dart slug is almost dead.
You constrict the dart slug.
You kill the dart slug!
You miss the goblin. Your grab misses the goblin.
The goblin hits you with a club.
* * * LOW HITPOINT WARNING * * *
Casting: Magic Dart
Confirm with . or Enter, or press ? or * to list all spells.
Aiming: Magic Dart
Press: ? - help, Shift-Dir - straight line, f - goblin
Aim: a goblin, wielding a club The magic dart hits the goblin.
The goblin is moderately wounded.
The goblin hits you with a club.
You die...

#. .### ####### ..# #.....#
#.# #####...#.#
#.....######.###...).......
#..........#..............
#.....####.#.###.........
#.....# #.#g# #####...
##########.#@## ##. .##
#...........# ##.###.#
#.###.#..#..# #.J.#..#
###.###.#.....######.#....#
...................#.#....###
##.##....##'##......##.J....
#.##....#...#...##.##.#.##.
#.....###.⌠.###.##.##.#....
#.###.#.......#.##......##.


You could see a goblin.

Vanquished Creatures
  An ooze (D:1)
  A dart slug (D:1)
  2 frilled lizards (D:1)
  A rat (D:1)
5 creatures vanquished.

Notes
Turn   | Place    | Note
-------+----------+-------------------------------------------
     0 | D:1      | Ordine the Octopode Wizard began the quest for the Orb.
     0 | D:1      | Reached XP level 1. HP: 11/11 MP: 4/4
   142 | D:1      | Reached XP level 2. HP: 17/17 MP: 3/6
   160 | D:1      | Learned a level 2 spell: Blink
   173 | D:1      | Slain by a goblin

Vault maps used:
D:1:      dpeg_arrival_simpleton_c, grunt_decor_mini_mirrors

Action                   || total
-------------------------++-------
Melee: Unarmed           ||     8
       Tentacles         ||     3
       Constrict         ||     1
 Cast: Magic Dart        ||    14
Armor: Skin              ||     1
Dodge: Dodged            ||     3
